 Dungeon Crawl Stone Soup version 0.31-a0-664-g902f515a81 (webtiles) character file.

Game seed: 18289829803082346046

1369 pokeman the Thaumaturge (level 8, 0/44 HPs)
             Began as a Deep Elf Hedge Wizard on Sept 2, 2023.
             Slain by an orc warrior
             ... wielding a +0 scimitar
              (8 damage)
             ... on level 4 of the Dungeon.
             The game lasted 00:10:36 (4401 turns).

pokeman the Thaumaturge (Deep Elf Hedge Wizard)     Turns: 4401, Time: 00:10:36

Health: 0/44       AC: 13    Str:  7    XL:     8   Next: 38%
Magic:  5/23       EV: 13    Int: 22    God:
Gold:   186        SH:  0    Dex: 14    Spells: 14/26 levels left

rFire   . . .        t - +2 falchion (flame)
rCold   . . .        (no shield)
rNeg    . . .        b - +0 robe
rPois   .            c - +0 hat
rElec   .            (no cloak)
rCorr   .            h - +2 pair of gloves
SInv    .            (no boots)
Will    .....        (no amulet)
Stlth   ++           g - +4 ring of protection
HPRegen 0.27/turn    r - +4 ring of protection
MPRegen 0.18/turn

%: no passive effects
@: very slightly contaminated
A: no striking features
a: no special abilities


You were on level 4 of the Dungeon.
You visited 1 branch of the dungeon, and saw 5 of its levels.

You collected 186 gold pieces.

Inventory:

Hand Weapons
 t - a +2 falchion of flaming (weapon)
Missiles
 u - a throwing net
Armour
 b - a +0 robe (worn)
 c - a +0 hat (worn)
 h - a +2 pair of gloves (worn)
Jewellery
 g - a +4 ring of protection (left hand)
 r - a +4 ring of protection (right hand)
Wands
 j - a wand of iceblast (6)
Scrolls
 e - a scroll of enchant armour {unknown}
 i - 2 scrolls of identify {unknown}
 m - a scroll of immolation {unknown}
 n - a scroll of amnesia {unknown}
 p - a scroll of enchant weapon {unknown}
 q - a scroll of teleportation {unknown}
 s - a scroll of noise {unknown}
 v - a scroll of vulnerability {unknown}
 w - a scroll of poison {unknown}
Potions
 a - a potion of mutation {unknown}
 d - a potion of magic
 f - a potion of invisibility {unknown}
 k - a potion of berserk rage {unknown}
 l - a potion of lignification {unknown}


   Skills:
 - Level 2.0 Fighting
 + Level 2.5 Armour
 - Level 3.0 Dodging
 - Level 3.0 Stealth
 - Level 1.0 Shields
 * Level 9.6 Spellcasting
 + Level 5.0 Conjurations
 - Level 1.1 Summonings
 + Level 3.1 Necromancy
 - Level 1.1 Translocations
 - Level 1.3 Air Magic
 - Level 1.0 Poison Magic
 - Level 1.1 Evocations


You had 14 spell levels left.
You knew the following spells:

 Your Spells              Type           Power      Damage    Failure   Level
a - Magic Dart            Conj           100%       1d8       1%          1
b - Mephitic Cloud        Conj/Pois/Air  21%        N/A       7%          3
c - Call Imp              Summ           30%        N/A       6%          2
d - Blink                 Tloc           30%        N/A       6%          2
e - Dispel Undead         Necr           24%        3d12      17%         4

Your spell library contained the following spells:

 Spells                   Type           Power      Damage    Failure   Level
 Kiss of Death            Conj/Necr      100%       2d13      1%          1
 Cigotuvi's Dreadful Rot  Necr/Pois/Air  36%        N/A       4%          2
 Slow                     Hex            40%        N/A       6%          1
 Lesser Beckoning         Tloc           30%        N/A       6%          2
 Gell's Gravitas          Tloc           15%        N/A       12%         3
 Teleport Other           Tloc           15%        N/A       12%         3
 Confusing Touch          Hex            10%        N/A       19%         3
 Inner Flame              Hex/Fire       10%        N/A       19%         3
 Ozocubu's Armour         Ice            10%        N/A       19%         3
 Yara's Violent Unravell  Hex/Tmut       5%         3d4       87%         5
 Dispersal                Tloc           7%         N/A       99%         6
 Enfeeble                 Hex            5%         N/A       100%        7
 Ozocubu's Refrigeration  Ice            5%         4d8       100%        7


Dungeon Overview and Level Annotations

Branches:
Dungeon (5/15)
 Temple: D:4-7

Altars:
Fedhas
Xom


Message History

The orc warrior appears confused.
The orc warrior hits you but does no damage.
Unknown command.
Unknown command.
Unknown command.
You hit the orc warrior. You burn the orc warrior.
The orc warrior is lightly wounded.
You feel yourself speed up.
The orc warrior is engulfed in noxious fumes.
The orc warrior appears confused.
The orc warrior barely misses itself.
The orc warrior is engulfed in noxious fumes.
The orc warrior appears confused.
The orc warrior is engulfed in noxious fumes.
The orc warrior appears confused.
You hit the orc warrior but do no damage.
The orc warrior is lightly wounded.
The orc warrior is engulfed in noxious fumes.
The orc warrior appears confused.
The orc warrior is engulfed in noxious fumes.
The orc warrior appears confused.
The orc warrior cries.
The orc warrior hits you with a +0 scimitar!
You hit the orc warrior but do no damage.
The orc warrior is lightly wounded.
The orc warrior is engulfed in noxious fumes.
The orc warrior chortles and stares into space.
The orc warrior barely misses you.
You hit the orc warrior but do no damage.
The orc warrior is lightly wounded.
The orc warrior grins madly.
The orc warrior hits you with a +0 scimitar!
* * * LOW HITPOINT WARNING * * *
You hit the orc warrior. You burn the orc warrior.
The orc warrior is lightly wounded.
The orc warrior shakes.
The orc warrior hits itself with a +0 scimitar!
You barely miss the orc warrior.
The orc warrior is severely wounded.
The orc warrior hits you with a +0 scimitar!
You die...

##.....# #.# ##......##
###......# ###.# ##........#
##....###### #...# #..........
###...####...###.#.# #..........
.....####...>.##.#.# #..........
.###.# #.......#.#.# #..........
.# #.# #...(..o#.#.# #..........
## #.# #.......#.#.# ##........#
##.# ##....o##@#.# ##..........
#..# ##....W##o#.###...........
#.## #......)#.#...............
###.## #....)...[..)<............
.##..# #.......#.#.[.##..........
.###.####.....##.###)###........#
.###.........<##.# #..###......##
........##)##.##.# ##.# ########
(..####..#.##.#..# #.##


You could see an orc warrior (confused).

Vanquished Creatures
  Sigmund (D:2)
  A wraith (D:4)
  An acid dragon (D:4)
  An ice beast (D:4)
  A black bear (D:5)
  3 ogres
  A howler monkey (D:5)
  A hound (D:5)
  A sleepcap (D:4)
  A gnoll bouda (D:4)
  4 iguanas (D:4)
  4 orc wizards
  6 gnolls
  3 adders (D:2)
  A worm (D:4)
  A dart slug (D:1)
  8 orcs
  6 ball pythons
  6 bats
  5 endoplasms
  A giant cockroach (D:4)
  4 goblins
  3 hobgoblins
  11 jackals
  A frilled lizard (D:3)
  5 kobolds
  6 rats
87 creatures vanquished.

Vanquished Creatures (collateral kills)
  2 gnolls (D:2)
2 creatures vanquished.

Grand Total: 89 creatures vanquished

Notes
Turn   | Place    | Note
-------+----------+-------------------------------------------
     0 | D:1      | pokeman the Deep Elf Hedge Wizard began the quest for the
                  | Orb.
     0 | D:1      | Reached XP level 1. HP: 10/10 MP: 7/7
   347 | D:1      | Reached XP level 2. HP: 11/15 MP: 2/9
  1232 | D:2      | Noticed Sigmund
  1235 | D:2      | Reached skill level 5 in Spellcasting
  1235 | D:2      | Reached XP level 3. HP: 20/20 MP: 4/11
  1292 | D:1      | Learned a level 3 spell: Mephitic Cloud
  1295 | D:1      | Learned a level 2 spell: Call Imp
  1298 | D:1      | Learned a level 2 spell: Blink
  1421 | D:2      | Killed Sigmund
  1422 | D:2      | Reached skill level 1 in Fighting
  1422 | D:2      | Reached skill level 1 in Armour
  1422 | D:2      | Reached skill level 6 in Spellcasting
  1422 | D:2      | Reached XP level 4. HP: 26/26 MP: 2/14
  1422 | D:2      | Reached XP level 5. HP: 30/30 MP: 2/15
  2799 | D:4      | Reached XP level 6. HP: 24/35 MP: 7/17
  3096 | D:4      | Reached skill level 7 in Spellcasting
  3276 | D:4      | Found a shimmering altar of Xom.
  3421 | D:4      | Reached skill level 1 in Shields
  3421 | D:4      | Reached skill level 1 in Air Magic
  3421 | D:4      | Reached XP level 7. HP: 39/39 MP: 1/20
  3460 | D:4      | Reached skill level 1 in Poison Magic
  3460 | D:4      | Reached skill level 1 in Evocations
  3636 | D:4      | Found a blossoming altar of Fedhas.
  3642 | D:4      | Learned a level 4 spell: Dispel Undead
  3724 | D:5      | Entered Level 5 of the Dungeon
  3788 | D:5      | Reached skill level 8 in Spellcasting
  3795 | D:5      | Reached skill level 1 in Necromancy
  3825 | D:5      | Noticed a wraith
  4057 | D:4      | Reached XP level 8. HP: 20/44 MP: 15/22
  4164 | D:5      | Reached skill level 9 in Spellcasting
  4393 | D:4      | Reached skill level 5 in Conjurations
  4401 | D:4      | Slain by an orc warrior

Illustrated notes

Levels and vault maps discovered:
D:1:      dreamdust_arrival_sigmund_warning, layout_loops_corners,
          minmay_misc_feat_alley
D:2:      layout_rooms, uniq_sigmund
D:3:      layout_rooms, dk_noncrumbling_2, kennysheep_boxes
D:4:      layout_rooms, mainiacjoe_overflow_24_doors, fedhas_altar_1
D:5:      cheibrodos_fzero, layout_cave_pools,
          mainiacjoe_overflow_cross_hatched, kennysheep_slug_shrine,
          lemuel_crystal_altar

Skill      XL: |  1  2  3  4  5  6  7  8 |
---------------+-------------------------+-----
Spellcasting   | 5 6 7 8 9 |  9.6
Fighting       | 1 2 |  2.0
Armour         | 1 2 |  2.5
Conjurations   | 2 3 4 5 |  5.0
Dodging        | 3 |  3.0
Stealth        | 3 |  3.0
Shields        | 1 |  1.0
Air Magic      | 1 |  1.3
Poison Magic   | 1 |  1.0
Evocations     | 1 |  1.1
Necromancy     | 2 3 |  3.1
Summonings     | |  1.1
Translocations | |  1.1

Action                     |  1- 3 |  4- 6 |  7- 9 || total
---------------------------+-------+-------+-------++-------
  Melee: Dagger            |    29 |     1 |       ||    30
         Long sword        |       |    17 |       ||    17
         Falchion          |       |    23 |    62 ||    85
   Cast: Magic Dart        |    44 |    92 |    13 ||   149
         Mephitic Cloud    |     3 |     9 |    12 ||    24
         Call Imp          |     1 |       |     5 ||     6
         Blink             |       |       |     7 ||     7
         Dispel Undead     |       |       |     2 ||     2
  Evoke: Wand              |       |       |     3 ||     3
   Stab: Confused          |     1 |     6 |     1 ||     8
         Sleeping          |       |     1 |       ||     1
 Armour: Robe              |     9 |    19 |    50 ||    78
  Dodge: Dodged            |    25 |    33 |    50 ||   108

Table legend: (Time is in decaauts)
 A = Elapsed time spent in this place.
 B = Non-inter-level travel time spent in this place.
 C = Inter-level travel time spent in this place.
 D = Time resting spent in this place.
 E = Time spent auto-exploring this place.
 F = Levels seen in this place.
 G = Mean time per level.
                   A        B        C        D        E       F      G
               +--------+--------+--------+--------+--------+-----+--------+
         Total |   4439 |   4244 |    195 |    420 |   3056 |   5 |  887.8 |
       Dungeon |   4439 |   4244 |    195 |    420 |   3056 |   5 |  887.8 |
               +--------+--------+--------+--------+--------+-----+--------+

Top non-repeatable levels by time:
     D:1: 1349 daAuts
     D:4: 1295 daAuts
     D:3: 852 daAuts
     D:2: 785 daAuts
     D:5: 157 daAuts
